 Dungeon Crawl Stone Soup version 0.29.0-4-gdea44cf6ec (webtiles) character file.

Game seed: 16833797437272769714

98 qw the Caller (level 4, 0/36 HPs)
             Began as a Ghoul Summoner on Sept 10, 2022.
             Slain by an orc wizard
             ... wielding a +0 dagger
              (3 damage)
             ... on level 3 of the Dungeon.
             The game lasted 00:01:14 (3351 turns).

qw the Caller (Ghoul Summoner)                      Turns: 3351, Time: 00:01:15

Health: 0/36       AC:  9    Str: 13    XL:     4   Next: 69%
Magic:  5/5        EV:  5    Int: 10    God:
Gold:   187        SH:  0    Dex:  9    Spells: 5/6 levels left

rFire   . . .      SeeInvis .   Y - +0 mace
rCold   + . .      Faith    .   (no shield)
rNeg    + + +      Spirit   .   h - +0 chain mail
rPois   inf        Reflect  .   c - +0 helmet
rElec   .          Harm     .   (no cloak)
rCorr   .          Rampage  .   (no gloves)
Will    .....                   (no boots)
Stlth   ..........              (no amulet)
HPRegen 0.00/turn               (no ring)
MPRegen 0.09/turn               (no ring)

@: confused, inhibited regen
A: claws 1, cold resistance 1, negative energy resistance 3, inhibited
regeneration, torment resistance 2, devour on kill
a: no special abilities


You were on level 3 of the Dungeon.
You visited 1 branch of the dungeon, and saw 3 of its levels.

You collected 187 gold pieces.


Innate Abilities, Weirdness & Mutations

You are immune to poison.
You have sharp fingernails.
Your flesh is cold resistant. (rC+)
You are immune to negative energy. (rN+++)
You do not regenerate when monsters are visible.
You are immune to unholy pain and torment.
You thrive by killing the living.


   Skills:
 - Level 2.0 Fighting
 - Level 3.1 Axes
 + Level 0.6 Armour
 - Level 1.7 Dodging
 - Level 2.1 Stealth
 - Level 1.7 Spellcasting
 - Level 3.6 Summonings


You had 5 spell levels left.
You knew the following spells:

 Your Spells              Type           Power      Damage    Failure   Level
a - Summon Small Mammal   Summ           32%        N/A       95%         1

Your spell library contained the following spells:

 Spells                   Type           Power      Damage    Failure   Level
 Call Imp                 Summ           8%         N/A       99%         2
 Call Canine Familiar     Summ           8%         N/A       100%        3
 Summon Guardian Golem    Hex/Summ       4%         N/A       100%        3
 Summon Lightning Spire   Summ/Air       4%         N/A       100%        4

Inventory:

Hand Weapons
 Y - a +0 mace (weapon)
Missiles
 g - 6 boomerangs (quivered)
Armour
 c - a +0 helmet (worn)
 h - a +0 chain mail (worn)
Potions
 e - a potion of invisibility {unknown}
 f - a potion of degeneration {unknown}

Dungeon Overview and Level Annotations

Branches:
Dungeon (3/15)

Altars:


Message History

The orc wizard hits you but does no damage.
The orc hits you but does no damage.
You hit the orc wizard but do no damage.
The orc wizard gestures at you while chanting.
You are confused.
The orc hits you with a +0 hand axe.
You completely miss the orc wizard. The orc wizard casts a spell at you.
You are more confused.
The orc hits you with a +0 hand axe.
The orc wizard hits you but does no damage.
The orc hits you with a +0 mace. The orc hits you with a +0 hand axe.
You completely miss the orc wizard. The orc barely misses you.
The orc wizard hits you but does no damage.
The orc hits you but does no damage.
You bump into the rock wall.
The orc hits you but does no damage. The orc wizard casts a spell at you.
The magic dart hits you. The orc hits you with a +0 hand axe.
A goblin comes into view. It is wielding a +0 club.
The goblin shouts!
The orc hits you with a +0 mace.
The orc wizard hits you but does no damage.
You bump into the rock wall.
The orc hits you but does no damage.
The orc wizard hits you with a +0 dagger.
The orc hits you but does no damage.
You closely miss the orc. The orc completely misses you.
The orc wizard hits you but does no damage.
The orc barely misses you. The orc attacks as you move away!
The orc hits you with a +0 mace.
You barely miss the orc wizard. Your claw misses the orc wizard.
The orc hits you but does no damage.
The orc wizard hits you but does no damage.
The orc hits you but does no damage. The orc hits you with a +0 mace.
The orc hits you with a +0 hand axe.
The orc wizard hits you with a +0 dagger.
You die...

.. #.###### .###
#......# ..#
#######'#####.#
#..........##.###
...........##...##
...........##..)g#
...........##%.oo#
.##...#.....'..o@+
#...#######....#
+......####.####
###............
.)'...........##
###....#.......
#......#.....#.
+........###. .
#....#.###


You could see an orc wizard, 2 orcs and a goblin.

Vanquished Creatures
  3 adders (D:2)
  3 worms
  A dart slug (D:3)
  3 ball pythons
  A bat (D:2)
  4 endoplasms
  A giant cockroach (D:2)
  6 goblins
  2 hobgoblins (D:1)
  2 quokkas
  3 frilled lizards
  2 kobolds
  4 rats
35 creatures vanquished.

Vanquished Creatures (collateral kills)
  A gnoll (D:1)
  A bat (D:1)
  6 endoplasms
  A hobgoblin (D:2)
  A ball python (D:1)
  3 frilled lizards (D:2)
  A rat (D:1)
14 creatures vanquished.

Grand Total: 49 creatures vanquished

Notes
Turn   | Place    | Note
-------+----------+-------------------------------------------
     0 | D:1      | qw the Ghoul Summoner began the quest for the Orb.
     0 | D:1      | Reached XP level 1. HP: 14/14 MP: 2/2
     0 | D:1      | 0 ||| qw: Version: 0.1-a-116-g5d60599
     0 | D:1      | 0 ||| qw: Game counter: 7531
     0 | D:1      | 0 ||| qw: Always use a shield: true
     0 | D:1      | 0 ||| qw: God list: Okawaru
     0 | D:1      | 0 ||| qw: Allow faded altars: false
     0 | D:1      | 0 ||| qw: Do Orc after D:15 true
     0 | D:1      | 0 ||| qw: Do second Lair branch before Depths: true
     0 | D:1      | 0 ||| qw: Lair rune preference: random
     0 | D:1      | 0 ||| qw: Plans: Normal
     0 | D:1      | 0 ||| PLANNING D:1-11
    30 | D:1      | 30 ||| CASTING Summon Small Mammal
    31 | D:1      | 31 ||| CASTING Summon Small Mammal
    43 | D:1      | 43 ||| CASTING Summon Small Mammal
   170 | D:1      | 170 ||| Wielding weapon +0 dagger of draining.
   184 | D:1      | 184 ||| CASTING Summon Small Mammal
   185 | D:1      | 185 ||| CASTING Summon Small Mammal
   305 | D:1      | 305 ||| CASTING Summon Small Mammal
   306 | D:1      | 306 ||| CASTING Summon Small Mammal
   316 | D:1      | Reached skill level 1 in Axes
   368 | D:1      | 368 ||| CASTING Summon Small Mammal
   369 | D:1      | 369 ||| CASTING Summon Small Mammal
   406 | D:1      | 406 ||| CASTING Summon Small Mammal
   407 | D:1      | 407 ||| CASTING Summon Small Mammal
   432 | D:1      | 432 ||| CASTING Summon Small Mammal
   433 | D:1      | 433 ||| CASTING Summon Small Mammal
   437 | D:1      | Reached skill level 1 in Fighting
   437 | D:1      | Reached XP level 2. HP: 23/23 MP: 0/3
   511 | D:1      | 511 ||| CASTING Summon Small Mammal
   512 | D:1      | 512 ||| CASTING Summon Small Mammal
   513 | D:1      | 513 ||| CASTING Summon Small Mammal
   524 | D:1      | 524 ||| CASTING Summon Small Mammal
   536 | D:1      | 536 ||| CASTING Summon Small Mammal
   688 | D:1      | 688 ||| CASTING Summon Small Mammal
   689 | D:1      | 689 ||| CASTING Summon Small Mammal
   690 | D:1      | 690 ||| CASTING Summon Small Mammal
   698 | D:1      | Reached XP level 3. HP: 28/28 MP: 0/4
   799 | D:1      | 799 ||| CASTING Summon Small Mammal
   800 | D:1      | 800 ||| CASTING Summon Small Mammal
   801 | D:1      | 801 ||| CASTING Summon Small Mammal
   802 | D:1      | 802 ||| CASTING Summon Small Mammal
   854 | D:1      | 854 ||| CASTING Summon Small Mammal
   855 | D:1      | 855 ||| CASTING Summon Small Mammal
   856 | D:1      | 856 ||| CASTING Summon Small Mammal
   857 | D:1      | 857 ||| CASTING Summon Small Mammal
   900 | D:1      | 900 ||| CASTING Summon Small Mammal
   901 | D:1      | 901 ||| CASTING Summon Small Mammal
   902 | D:1      | 902 ||| CASTING Summon Small Mammal
   903 | D:1      | 903 ||| CASTING Summon Small Mammal
   911 | D:1      | 911 ||| CASTING Summon Small Mammal
   960 | D:1      | 960 ||| CASTING Summon Small Mammal
   961 | D:1      | 961 ||| CASTING Summon Small Mammal
   962 | D:1      | 962 ||| CASTING Summon Small Mammal
   963 | D:1      | 963 ||| CASTING Summon Small Mammal
   971 | D:1      | 971 ||| CASTING Summon Small Mammal
  1026 | D:1      | 1026 ||| CASTING Summon Small Mammal
  1027 | D:1      | 1027 ||| CASTING Summon Small Mammal
  1028 | D:1      | 1028 ||| CASTING Summon Small Mammal
  1029 | D:1      | 1029 ||| CASTING Summon Small Mammal
  1036 | D:1      | 1036 ||| CASTING Summon Small Mammal
  1186 | D:1      | 1186 ||| UPGRADING to +0 helmet.
  1191 | D:1      | 1191 ||| READING scroll labelled QEFEMI GOPTE.
  1192 | D:1      | 1192 ||| DROPPING potion of magic.
  1217 | D:2      | 1217 ||| CASTING Summon Small Mammal
  1218 | D:2      | 1218 ||| STAIRDANCE
  1230 | D:2      | 1230 ||| CASTING Summon Small Mammal
  1231 | D:2      | 1231 ||| STAIRDANCE
  1243 | D:2      | 1243 ||| CASTING Summon Small Mammal
  1244 | D:2      | 1244 ||| CASTING Summon Small Mammal
  1245 | D:2      | 1245 ||| CASTING Summon Small Mammal
  1246 | D:2      | 1246 ||| CASTING Summon Small Mammal
  1251 | D:2      | 1251 ||| STAIRDANCE
  1294 | D:2      | 1294 ||| CASTING Summon Small Mammal
  1295 | D:2      | 1295 ||| CASTING Summon Small Mammal
  1296 | D:2      | 1296 ||| CASTING Summon Small Mammal
  1297 | D:2      | 1297 ||| CASTING Summon Small Mammal
  1345 | D:2      | 1345 ||| CASTING Summon Small Mammal
  1346 | D:2      | 1346 ||| CASTING Summon Small Mammal
  1347 | D:2      | 1347 ||| CASTING Summon Small Mammal
  1348 | D:2      | 1348 ||| CASTING Summon Small Mammal
  1356 | D:2      | 1356 ||| CASTING Summon Small Mammal
  1425 | D:2      | 1425 ||| CASTING Summon Small Mammal
  1426 | D:2      | 1426 ||| CASTING Summon Small Mammal
  1427 | D:2      | 1427 ||| CASTING Summon Small Mammal
  1428 | D:2      | 1428 ||| CASTING Summon Small Mammal
  1470 | D:2      | 1470 ||| CASTING Summon Small Mammal
  1471 | D:2      | 1471 ||| CASTING Summon Small Mammal
  1472 | D:2      | 1472 ||| CASTING Summon Small Mammal
  1473 | D:2      | 1473 ||| CASTING Summon Small Mammal
  1521 | D:2      | 1521 ||| SWAPPING to +0 mace.
  1522 | D:2      | 1522 ||| DROPPING +0 dagger of draining.
  1536 | D:2      | 1536 ||| CASTING Summon Small Mammal
  1537 | D:2      | 1537 ||| CASTING Summon Small Mammal
  1538 | D:2      | 1538 ||| CASTING Summon Small Mammal
  1583 | D:2      | 1583 ||| CASTING Summon Small Mammal
  1584 | D:2      | 1584 ||| CASTING Summon Small Mammal
  1585 | D:2      | 1585 ||| CASTING Summon Small Mammal
  1586 | D:2      | 1586 ||| CASTING Summon Small Mammal
  1750 | D:2      | 1750 ||| CASTING Summon Small Mammal
  1751 | D:2      | 1751 ||| CASTING Summon Small Mammal
  1752 | D:2      | 1752 ||| CASTING Summon Small Mammal
  1753 | D:2      | 1753 ||| CASTING Summon Small Mammal
  1799 | D:2      | 1799 ||| CASTING Summon Small Mammal
  1800 | D:2      | 1800 ||| CASTING Summon Small Mammal
  1801 | D:2      | 1801 ||| CASTING Summon Small Mammal
  1802 | D:2      | 1802 ||| CASTING Summon Small Mammal
  1853 | D:2      | 1853 ||| CASTING Summon Small Mammal
  1854 | D:2      | 1854 ||| CASTING Summon Small Mammal
  1855 | D:2      | 1855 ||| CASTING Summon Small Mammal
  1856 | D:2      | 1856 ||| CASTING Summon Small Mammal
  1876 | D:2      | 1876 ||| CASTING Summon Small Mammal
  1877 | D:2      | 1877 ||| CASTING Summon Small Mammal
  1883 | D:2      | 1883 ||| CASTING Summon Small Mammal
  2110 | D:2      | 2110 ||| CASTING Summon Small Mammal
  2111 | D:2      | 2111 ||| CASTING Summon Small Mammal
  2112 | D:2      | 2112 ||| CASTING Summon Small Mammal
  2113 | D:2      | 2113 ||| CASTING Summon Small Mammal
  2164 | D:2      | 2164 ||| CASTING Summon Small Mammal
  2165 | D:2      | 2165 ||| CASTING Summon Small Mammal
  2166 | D:2      | 2166 ||| CASTING Summon Small Mammal
  2167 | D:2      | 2167 ||| CASTING Summon Small Mammal
  2175 | D:2      | 2175 ||| CASTING Summon Small Mammal
  2180 | D:2      | Reached XP level 4. HP: 34/36 MP: 0/5
  2244 | D:2      | 2244 ||| CASTING Summon Small Mammal
  2245 | D:2      | 2245 ||| CASTING Summon Small Mammal
  2246 | D:2      | 2246 ||| CASTING Summon Small Mammal
  2247 | D:2      | 2247 ||| CASTING Summon Small Mammal
  2258 | D:2      | 2258 ||| CASTING Summon Small Mammal
  2259 | D:2      | 2259 ||| CASTING Summon Small Mammal
  2382 | D:2      | 2382 ||| CASTING Summon Small Mammal
  2383 | D:2      | 2383 ||| CASTING Summon Small Mammal
  2384 | D:2      | 2384 ||| CASTING Summon Small Mammal
  2385 | D:2      | 2385 ||| CASTING Summon Small Mammal
  2386 | D:2      | 2386 ||| CASTING Summon Small Mammal
  2478 | D:2      | 2478 ||| CASTING Summon Small Mammal
  2479 | D:2      | 2479 ||| CASTING Summon Small Mammal
  2480 | D:2      | 2480 ||| CASTING Summon Small Mammal
  2481 | D:2      | 2481 ||| CASTING Summon Small Mammal
  2482 | D:2      | 2482 ||| CASTING Summon Small Mammal
  2543 | D:2      | 2543 ||| CASTING Summon Small Mammal
  2544 | D:2      | 2544 ||| CASTING Summon Small Mammal
  2545 | D:2      | 2545 ||| CASTING Summon Small Mammal
  2546 | D:2      | 2546 ||| CASTING Summon Small Mammal
  2547 | D:2      | 2547 ||| CASTING Summon Small Mammal
  2730 | D:2      | 2730 ||| CASTING Summon Small Mammal
  2731 | D:2      | 2731 ||| CASTING Summon Small Mammal
  2732 | D:2      | 2732 ||| CASTING Summon Small Mammal
  2733 | D:2      | 2733 ||| CASTING Summon Small Mammal
  2734 | D:2      | 2734 ||| CASTING Summon Small Mammal
  2741 | D:2      | 2741 ||| CASTING Summon Small Mammal
  2749 | D:2      | Reached skill level 3 in Axes
  2820 | D:2      | Found a faded altar of an unknown god.
  2873 | D:2      | 2873 ||| CASTING Summon Small Mammal
  2874 | D:2      | 2874 ||| CASTING Summon Small Mammal
  2875 | D:2      | 2875 ||| CASTING Summon Small Mammal
  2876 | D:2      | 2876 ||| CASTING Summon Small Mammal
  2877 | D:2      | 2877 ||| CASTING Summon Small Mammal
  2979 | D:2      | 2979 ||| Stepping ~*~*~tactically~*~*~ (stealth).
  2981 | D:2      | 2981 ||| Stepping ~*~*~tactically~*~*~ (stealth).
  2984 | D:2      | 2984 ||| Stepping ~*~*~tactically~*~*~ (stealth).
  2985 | D:2      | 2985 ||| Stepping ~*~*~tactically~*~*~ (stealth).
  2986 | D:2      | 2986 ||| Stepping ~*~*~tactically~*~*~ (stealth).
  2987 | D:2      | 2987 ||| CASTING Summon Small Mammal
  2988 | D:2      | 2988 ||| CASTING Summon Small Mammal
  2989 | D:2      | 2989 ||| CASTING Summon Small Mammal
  2990 | D:2      | 2990 ||| CASTING Summon Small Mammal
  2991 | D:2      | 2991 ||| CASTING Summon Small Mammal
  3111 | D:2      | 3111 ||| CASTING Summon Small Mammal
  3112 | D:2      | 3112 ||| CASTING Summon Small Mammal
  3113 | D:2      | 3113 ||| CASTING Summon Small Mammal
  3114 | D:2      | 3114 ||| CASTING Summon Small Mammal
  3115 | D:2      | 3115 ||| CASTING Summon Small Mammal
  3175 | D:2      | 3175 ||| UPGRADING to +0 chain mail.
  3185 | D:2      | 3185 ||| DROPPING +0 robe.
  3186 | D:2      | 3186 ||| READING scroll labelled MAOTOM YSACS.
  3187 | D:2      | 3187 ||| DRINKING 2 bubbling emerald potions.
  3188 | D:2      | 3188 ||| DROPPING potion of flight.
  3252 | D:3      | 3252 ||| Stepping ~*~*~tactically~*~*~ (stealth).
  3332 | D:3      | 3332 ||| Stepping ~*~*~tactically~*~*~ (stealth).
  3334 | D:3      | 3334 ||| Stepping ~*~*~tactically~*~*~ (hiding).
  3351 | D:3      | HP: 4/36 [orc/+0 mace (6)]
  3351 | D:3      | Slain by an orc wizard

Levels and vault maps discovered:
D:1:      evilmike_arrival_fibonacci_small, layout_rooms
D:2:      layout_loops_corners, ebering_ecumenical_altar_mist,
          grunt_ministairs_10, kennysheep_generic_room_14
D:3:      layout_basic

Skill      XL: |  1  2  3  4 |
---------------+-------------+-----
Axes           | 1 2 3 |  3.1
Fighting       | 1 2 |  2.0
Armour         | |  0.6
Dodging        | |  1.7
Stealth        | |  2.1
Spellcasting   | |  1.7
Summonings     | |  3.6

Action                   |  1- 3 |  4- 6 || total
-------------------------+-------+-------++-------
Melee: Unarmed           |     8 |       ||     8
       Dagger            |    47 |       ||    47
       Mace              |    18 |    60 ||    78
       Punch             |       |     1 ||     1
Throw: Boomerang         |    10 |     8 ||    18
 Cast: Summon Small Mamm |    94 |    40 ||   134
  Use: Scroll            |     1 |     1 ||     2
       Potion            |       |     1 ||     1
Armor: Robe              |    19 |     6 ||    25
       Chain mail        |       |    33 ||    33
Dodge: Dodged            |    40 |    25 ||    65

Table legend:
 A = Non-vault XP
 B = Vault XP
 C = Vault XP percentage of total XP
 D = Non-vault monster count
 E = Vault monster count
 F = Vault count percentage of total count
                 A         B        C        D         E       F
            +---------+---------+-------+---------+---------+-------
      Total |     132 |       8 |   5.7 |      46 |       3 |   6.1
            +---------+---------+-------+---------+---------+-------
        D:1 |      43 |       0 |   0.0 |      17 |       0 |   0.0
        D:2 |      74 |       8 |   9.8 |      22 |       3 |  12.0
        D:3 |      15 |       0 |   0.0 |       7 |       0 |   0.0
            +---------+---------+-------+---------+---------+-------
